 Dungeon Crawl Stone Soup version 0.31-a0-1321-g5021b54cb2 (webtiles) character file.

Game seed: 15289089432072452896

30201 snarfax the Grappler (level 13, 0/192 HPs)
             Began as a Troll Shapeshifter on Dec 20, 2023.
             Was an Elder of Trog.
             Slain by an orange demon (6 damage)
             ... summoned by an orc sorcerer
             ... on level 2 of the Orcish Mines.
             The game lasted 00:41:17 (11252 turns).

snarfax the Grappler (Troll Shapeshifter)          Turns: 11252, Time: 00:41:18

Health: 0/192      AC: 11    Str: 29    XL:     13   Next: 19%
Magic:  12/12      EV: 11    Int:  6    God:    Trog [****..]
Gold:   538        SH: 14    Dex:  9    Spells: 12/12 levels left

rFire   . .          .
                       - Unarmed
rCold   . . .        H - +0 kite shield
rNeg    . . .        F - +0 steam dragon scales
rPois   +            (helmet currently unavailable)
rElec   +            (cloak currently unavailable)
rCorr   .            (gloves unavailable)
SInv    .            (boots unavailable)
Will    ++...        w - amulet of reflection Stlth
                     J - ring of the King {rPois Will+ AC+4}
HPRegen 1.32/turn    B - ring of the Iron Devil {rElec Will+}
MPRegen 0.13/turn

%: reflection
@: berserking (expiring), lethally poisoned (0 -> -7), beast-form, spiked, very
quick
A: beast (slay +2), large, unfitting armour, claws 3, regeneration 1, shaggy fur
1, tough skin 1
a: Begin Untransformation, Renounce Religion, Berserk, Trog's Hand, Brothers in
Arms


You were on level 2 of the Orcish Mines.
You worshipped Trog.
Trog was greatly pleased with you.
You were a hulking beast.
You visited 3 branches of the dungeon, and saw 15 of its levels.
You also visited: Ossuary and Gauntlet.

You collected 928 gold pieces.
You spent 390 gold pieces at shops.

Inventory:

Hand Weapons
 x - a +0 broad axe
Missiles
 a - 3 silver javelins
 t - 7 poisoned darts
 A - 6 boomerangs
 C - 12 large rocks
 W - 12 javelins
 Z - 5 darts of dispersal
Armour
 j - a +0 cloak of preservation
 F - +0 steam dragon scales (worn)
 H - a +0 kite shield (worn)
 T - a +2 cloak of willpower
 U - a scarf of repulsion
Jewellery
 l - a ring of protection from fire
 m - a ring of fire
 w - an amulet of reflection (around neck)
 B - the ring of the Iron Devil (right claw) {rElec Will+}
   (You bought it in a shop on level 6 of the Dungeon)

   [ring of willpower]

   rElec:     It insulates you from electricity.
   Will+:     It increases your willpower.
 G - an amulet of guardian spirit
 J - the ring of the King (left claw) {rPois Will+ AC+4}
   (You found it on level 8 of the Dungeon)

   [ring of protection]

   AC+4:      It affects your AC (+4).
   rPois:     It protects you from poison Will+: It increases your willpower.
 N - an amulet of faith
 R - a ring of flight
 V - a ring of fire
 X - a ring of magical power
Talismans
 c - a beast talisman (active)
 d - a flux talisman
Wands
 f - a wand of roots (16)
 n - a wand of mindburst (12)
 o - a wand of charming (7)
 r - a wand of polymorph (4)
 u - a wand of light (21)
 Q - a wand of flame (11)
Scrolls
 i - 2 scrolls of enchant weapon
 k - 5 scrolls of teleportation
 v - a scroll of blinking
 y - a scroll of immolation
 D - 2 scrolls of poison
 E - a scroll of enchant armour
 M - a scroll of amnesia
 P - 5 scrolls of identify
 S - a scroll of fear
Potions
 b - 3 potions of lignification
 e - a potion of enlightenment
 h - a potion of attraction
 p - 3 potions of mutation
 q - a potion of magic
 s - 4 potions of haste
 z - a potion of invisibility
 K - 2 potions of might
 L - a potion of degeneration
 O - 3 potions of curing (quivered)
Miscellaneous
 Y - a sack of spiders


   Skills:
 + Level 8.6 Fighting
 + Level 3.6 Throwing
 * Level 9.7 Dodging
 + Level 7.5 Shields
 + Level 13.9 Unarmed Combat
 - Level 5.0 Shapeshifting


You had 12 spell levels left.
You didn't know any spells.
Your spell library contained the following spells:

 Spells                   Type           Power      Damage    Failure   Level
 Foxfire                  Conj/Fire      0%         2x1d4     63%         1
 Fugue of the Fallen      Necr           0%         N/A       94%         3
 Ozocubu's Armour         Ice            0%         N/A       94%         3
 Manifold Assault         Tloc           0%         N/A       100%        4
 Metabolic Englaciation   Hex/Ice        0%         N/A       100%        5
 Plasma Beam              Fire/Air       0%         2x1d10    100%        6
 Simulacrum               Ice/Necr       0%         N/A       100%        6
 Starburst                Conj/Fire      0%         6d3       100%        6


Dungeon Overview and Level Annotations

Branches:
Dungeon (12/15)            Temple (1/1) D:5            Lair (0/5) D:11
    Orc (2/2) D:10        Ossuary (visited)         Gauntlet (visited)
    Elf: Orc:2

Altars:
Ashenzari
Cheibriados
Dithmenos
Elyvilon
Fedhas
Gozag
Hepliaklqana
Kikubaaqudgha
Makhleb
Nemelex Xobeh
Okawaru
Qazlal
Ru
Sif Muna
Trog
Uskayaw
Vehumet
Wu Jian
Xom
Yredelemnul
Zin
The Shining One

Shops:
D:4 =   D:6 =   Orc:2 *

Annotations:
D:11 3 runed translucent doors, jestert79's ghost, journeyman KoBe


Innate Abilities, Weirdness & Mutations

You are a hulking beast.
Your limbs bulge with bestial killing power. (Slay +2)
You are too large for most types of armour.
You have claws for hands.
Your natural rate of healing is unusually fast.
You are covered in fur. (AC +1)
You have tough skin. (AC +1)


Message History

The orange demon stings you from afar.
Unknown command.
You mangle the orc warlord!!
The orc warlord is severely wounded.
The red devil hits you with a +0 trident!
Barbed spikes become lodged in your body.
The orc warlord barely misses you.
The orc sorcerer howls an incantation.
The orc sorcerer's hands start to glow.
The orc sorcerer gestures at you while chanting.
The bolt of fire misses the sun demon.
The bolt of fire hits you!
The kobold blastminer blasts its cannon at you.
You block the iron shot... and reflect it back!
The iron shot hits the kobold blastminer!!!
You kill the kobold blastminer!
Trog accepts your kill. The chaos spawn closely misses you.
You mangle the orc warlord!!
The orc warlord is almost dead.
You block the sun demon's attack. The orange demon stings you from afar!
* * * LOW HITPOINT WARNING * * *
You are poisoned.
The orange demon poisons you! You block the chaos spawn's attack.
The orc warlord closely misses you. You block the red devil's attack.
The orc sorcerer gestures at you while chanting.
The bolt of fire hits the sun demon.
The sun demon completely resists.
The bolt of fire hits you!!
* * * LOW HITPOINT WARNING * * *
You closely miss the orc warlord.
The orc warlord is almost dead.
You feel very sick. You block the sun demon's attack.
The chaos spawn touches you!
* * * LOW HITPOINT WARNING * * *
The chaos spawn freezes you!
* * * LOW HITPOINT WARNING * * *
You claw the orc warlord!
The orc warlord is almost dead.
* * * LOW HITPOINT WARNING * * *
You feel sick. The orange demon stings you from afar.
You die...

#.........#### .
##.........#
#..........#
####..........#
#...............
##...............
#.......##...
###.).....# ...
#...3h4...# #.
##.o4o4..##
#..4o4....#
#..P.........
#..............
#.P............
...P.P.........
.P........P#...
.....∩...P.#...


You could see an orc warlord, a sun demon (summoned), an orange demon
(summoned), an ice devil (summoned), 2 orc sorcerers, a red devil (summoned) and
2 chaos spawn.

Vanquished Creatures
  A minotaur (Gauntlet)
  2 boulder beetles
  Urug (D:12)
  An orc high priest (Orc:2)
  A hell hog (Gauntlet)
  Amaemon (D:8)
  An arcanist (Gauntlet)
  2 deep elf pyromancers (D:12)
  An orc knight (Orc:1)
  3 ugly things
  2 cyclopes
  2 manticores
  An ice statue (D:11)
  A kobold blastminer (Orc:2)
  An orange demon (D:8)
  5 gargoyles
  3 unseen horrors
  2 komodo dragons (D:11)
  A yaktaur (D:12)
  4 trolls
  A merfolk (D:11)
  A hornet (D:8)
  Grinder (D:3)
  A raiju (Gauntlet)
  6 slime creatures
  Sigmund (D:4)
  Eustachio (D:4)
  38 yaks
  4 shadows
  4 wraiths
  2 fire bats (Gauntlet)
  A human (D:11)
  A warg (Orc:1)
  3 steam dragons
  A two-headed ogre zombie (D:10)
  6 vampire mosquitoes
  An acid dragon (D:12)
  Edmund (D:6)
  A water moccasin (D:9)
  A hell hound (Gauntlet)
  4 sky beasts
  An ice beast (D:7)
  7 orc warriors
  5 ogres
  A black bear (D:6)
  4 centaurs
  2 phantoms
  A kobold brigand (D:10)
  Blork the orc (D:5)
  2 bullfrogs
  A necrophage (D:11)
  A gnoll sergeant (D:8)
  2 scorpions (D:5)
  A water moccasin zombie (Ossuary)
  6 wights
  2 troll zombies (D:10)
  6 killer bees (D:9)
  3 centaur zombies (Ossuary)
  2 howler monkeys
  2 jellies (D:6)
  Crazy Yiuf (D:3)
  4 hounds
  4 orc priests
  Jessica (D:2)
  A sleepcap (D:4)
  Ijyb (D:4)
  3 iguanas
  14 orc wizards
  2 scorpion zombies (Ossuary)
  7 ogre zombies
  A mummy (D:6)
  9 adders
  10 gnolls
  3 white imps
  8 ufetubi
  2 adder zombies (Ossuary)
  A worm (D:3)
  3 dart slugs
  38 orcs
  4 bats
  6 endoplasms
  5 giant cockroaches
  6 goblins
  16 hobgoblins
  8 jackals
  12 kobolds
  2 quokkas
  8 ball pythons
  2 frilled lizards
  2 gnoll skeletons (D:10)
  6 gnoll zombies
  4 goblin zombies
  3 hobgoblin zombies (Ossuary)
  3 orc skeletons (D:10)
  18 orc zombies
  4 rats
388 creatures vanquished.

Vanquished Creatures (collateral kills)
  A two-headed ogre (D:12)
  A manticore (D:12)
  A slime creature (D:12)
3 creatures vanquished.

Grand Total: 391 creatures vanquished

Notes
Turn   | Place    | Note
-------+----------+-------------------------------------------
     0 | D:1      | snarfax the Troll Shapeshifter began the quest for the Orb.
     0 | D:1      | Reached XP level 1. HP: 18/18 MP: 0/0
    42 | D:1      | Reached XP level 2. HP: 26/26 MP: 1/1
   979 | D:2      | Reached XP level 3. HP: 32/32 MP: 2/2
   999 | D:2      | Reached skill level 4 in Unarmed Combat
  1191 | D:2      | Reached XP level 4. HP: 37/40 MP: 3/3
  1202 | D:2      | Noticed Jessica
  1214 | D:2      | Killed Jessica
  1447 | D:3      | Noticed Grinder
  1475 | D:3      | Paralysed by Grinder for 2 turns
  1480 | D:3      | Reached skill level 5 in Unarmed Combat
  1480 | D:3      | Reached XP level 5. HP: 40/46 MP: 4/4
  1486 | D:3      | Paralysed by Grinder for 4 turns
  1493 | D:3      | Killed Grinder
  1494 | D:3      | Reached skill level 6 in Unarmed Combat
  1494 | D:3      | Reached XP level 6. HP: 54/54 MP: 5/5
  1505 | D:3      | Found a runed translucent door.
  1506 | D:3      | Noticed Crazy Yiuf
  1516 | D:3      | Killed Crazy Yiuf
  1952 | D:3      | Found a radiant altar of Vehumet.
  1952 | D:3      | Found a glowing silver altar of Zin.
  2040 | D:3      | Identified the +8 glaive of Righteous Anger {speed, rF+
                  | Str+5}
  2312 | D:4      | Found Eneqaj's Jewellery Shop.
  2331 | D:4      | Reached skill level 1 in Fighting
  2331 | D:4      | Reached XP level 7. HP: 61/62 MP: 6/6
  2334 | D:4      | Identified the +2 plate armour of Purpose {rC++ rN+ MP+9
                  | Dex-2}
  2373 | D:4      | Noticed Eustachio
  2389 | D:4      | Killed Eustachio
  2390 | D:4      | Reached skill level 7 in Unarmed Combat
  2390 | D:4      | Reached skill level 5 in Shapeshifting
  2425 | D:4      | Noticed Ijyb
  2435 | D:4      | Killed Ijyb
  2656 | D:4      | Noticed Sigmund
  2679 | D:4      | Killed Sigmund
  3030 | D:5      | Entered Level 5 of the Dungeon
  3042 | D:5      | Reached XP level 8. HP: 65/74 MP: 7/7
  3228 | D:5      | Reached skill level 8 in Unarmed Combat
  3269 | D:5      | Found an ornate altar of the Wu Jian Council.
  3446 | D:5      | Noticed Blork the orc
  3455 | D:5      | Killed Blork the orc
  3507 | D:5      | Found a staircase to the Ecumenical Temple.
  3513 | Temple   | Entered the Ecumenical Temple
  3528 | Temple   | Became a worshipper of Trog the Wrathful
  3729 | D:6      | Found a sand-covered staircase.
  3734 | Ossuary  | Entered an ossuary
  3855 | Ossuary  | Reached * piety under Trog
  3867 | Ossuary  | Reached skill level 9 in Unarmed Combat
  3884 | Ossuary  | Noticed a silent spectre
  4072 | D:6      | Reached XP level 9. HP: 76/84 MP: 8/8
  4655 | D:6      | Found a burning altar of Makhleb.
  4790 | D:6      | Noticed Edmund
  4798 | D:6      | Killed Edmund
  4997 | D:6      | Found Jismykit's One-of-a-Kind Rings.
  5009 | D:6      | Bought the ring of the Iron Devil {rElec Will+} for 390
                  | gold pieces
  5211 | D:7      | Reached skill level 10 in Unarmed Combat
  5356 | D:7      | Reached ** piety under Trog
  5383 | D:7      | Reached skill level 5 in Dodging
  6090 | D:8      | Identified the ring of the King {rPois Will+ AC+4}
  6125 | D:8      | Reached skill level 5 in Fighting
  6125 | D:8      | Reached skill level 1 in Shields
  6144 | D:8      | Identified the scarf "Azonkibrish" {+Inv, rElec Will+
                  | Int-3}
  6310 | D:8      | Reached XP level 10. HP: 96/96 MP: 9/9
  6327 | D:8      | Reached skill level 11 in Unarmed Combat
  6347 | D:8      | Paralysed by a hornet for 1 turns
  6367 | D:8      | Reached *** piety under Trog
  6485 | D:8      | Noticed Amaemon
  6488 | D:8      | Noticed an orange demon
  6517 | D:8      | Killed Amaemon
  6531 | D:8      | Killed an orange demon
  6532 | D:8      | Reached skill level 12 in Unarmed Combat
  7092 | D:9      | Reached XP level 11. HP: 91/105 MP: 10/10
  7389 | D:10     | Entered Level 10 of the Dungeon
  7464 | D:10     | Reached **** piety under Trog
  7516 | D:10     | Found a staircase to the Orcish Mines.
  8300 | D:11     | Noticed a boulder beetle
  8325 | D:10     | Killed a boulder beetle
  8326 | D:10     | Reached skill level 5 in Shields
  8421 | D:11     | Found a gate leading to a gauntlet.
  8429 | Gauntlet | Entered a Gauntlet
  8429 | Gauntlet | Found a transporter.
  8434 | Gauntlet | Found a transporter.
  8450 | Gauntlet | Found a transporter.
  8451 | Gauntlet | Found a transporter.
  8458 | Gauntlet | Found a transporter.
  8464 | Gauntlet | Noticed a fire crab
  8472 | Gauntlet | Noticed a hell hog
  8473 | Gauntlet | Found a transporter.
  8478 | Gauntlet | Noticed a thrashing horror
  8487 | Gauntlet | Found a transporter.
  8495 | Gauntlet | Noticed a cacodemon
  8512 | Gauntlet | Noticed an arcanist
  8517 | Gauntlet | Killed an arcanist
  8517 | Gauntlet | Reached ***** piety under Trog
  8518 | Gauntlet | Found a transporter.
  8553 | Gauntlet | Found a transporter.
  8606 | Gauntlet | Noticed a hell beast
  8625 | Gauntlet | Found a transporter.
  8629 | Gauntlet | Killed a hell hog
  8659 | Gauntlet | Found a transporter.
  8682 | Gauntlet | Noticed a minotaur
  8690 | Gauntlet | Killed a minotaur
  8691 | Gauntlet | Reached skill level 13 in Unarmed Combat
  9080 | D:11     | Noticed a green ugly thing
  9083 | D:11     | Found a blossoming altar of Fedhas.
  9089 | D:11     | Killed a green ugly thing
  9090 | D:11     | Reached XP level 12. HP: 118/118 MP: 11/11
  9288 | D:11     | Found a runed translucent gate.
  9288 | D:11     | Found a runed translucent gate.
  9288 | D:11     | Found a runed translucent gate.
  9289 | D:11     | Noticed jestert79's ghost (journeyman KoBe)
  9313 | D:11     | Found a staircase to the Lair.
 10003 | D:12     | Reached skill level 1 in Throwing
 10132 | D:12     | Noticed a two-headed ogre
 10135 | D:12     | Noticed a fire giant
 10137 | D:12     | HP: 1/119 [large slime creature (21)]
 10151 | D:12     | HP: 4/120 [something/bolt of fire (34)]
 10165 | D:12     | Killed a two-headed ogre
 10169 | D:12     | HP: 5/120 [fire giant/fireball (22)]
 10381 | D:12     | Noticed Urug
 10442 | D:12     | Killed Urug
 10745 | D:11     | Reached XP level 13. HP: 102/128 MP: 12/12
 11034 | Orc:1    | Entered Level 1 of the Orcish Mines
 11059 | Orc:1    | Found Isoen's Antique Armour Emporium.
 11192 | Orc:2    | Entered Level 2 of the Orcish Mines
 11230 | Orc:2    | Noticed an orc warlord
 11230 | Orc:2    | Found Zihoonys's General Store.
 11251 | Orc:2    | HP: 7/192 [chaos spawn[an orc sorcerer] (14)]
 11252 | Orc:2    | Slain by an orange demon

Illustrated notes

Levels and vault maps discovered:
D:1:      minmay_arrival_glassed_features, layout_loops_cross,
          serial_co_window_serial, co_window_of_opportunity_a,
          co_window_corner_a, co_window_paths_b, co_window_corner_a,
          co_window_paths_b, co_window_of_opportunity_b, co_window_2corner,
          co_window_of_opportunity_b, co_window_broadway_a, co_window_paths_c,
          co_window_corner_b, co_window_corner_ca, co_window_paths_e,
          glass_columns_a, glass_columns_a, glass_columns_b, glass_columns_a
D:2:      layout_rooms, uniq_jessica
D:3:      wad_river_or_something, layout_basic, nicolae_overflow_two_pavilions,
          uniq_grinder, uniq_crazy_yiuf_cottage
D:4:      layout_basic, serial_shops, nicolae_shop_rolling_square,
          uniq_eustachio, uniq_ijyb, uniq_sigmund
D:5:      layout_gridville, pdpol_wu_jian_five_deadly_venoms,
          minmay_temple_entry_enclosed_plants, hangedman_abyss_or_decor_stabs,
          uniq_blork_the_orc
D:6:      layout_gridville, mainiacjoe_overflow_alcove_4,
          nicolae_ossuary_entry_giza, corexii_hall_statues_l,
          nicolae_shop_unique_rings, uniq_edmund
D:7:      layout_basic
D:8:      layout_loops_cross, uniq_amaemon
D:9:      layout_roguey
D:10:     layout_loops_ring, zombieorc2_lemuel
D:11:     layout_loops_ring, david_lair_shrubbed, ebering_ghost_rock_garden,
          gauntlet_entry_generic, minmay_misc_feat_more_columns, minivault_16,
          hangedman_stone_soup, fedhas_altar_2
D:12:     nzn_winding_woodlands_medium [nzn_winding_woodlands_5x5_cross,
          nzn_winding_woodlands_5x15_river_crossing,
          nzn_winding_woodlands_5x5_perimeter, nzn_winding_woodlands_5x5_three,
          nzn_winding_woodlands_center_pierced_h,
          nzn_winding_woodlands_5x5_checkerboard,
          nzn_winding_woodlands_5x5_closed_star,
          nzn_winding_woodlands_5x15_pathside_ponds,
          nzn_winding_woodlands_5x5_open_star], layout_basic, uniq_urug
Temple:   eino_narrow_crystal_temple
Orc:1:    layout_diamond_mine, serial_shops, shop
Orc:2:    grunt_orc_gardens, layout_diamond_mine, grunt_orc_garden,
          grunt_orc_garden, grunt_orc_garden, grunt_orc_garden, elf_legates

Skill      XL: |  1  2  3  4  5  6  7  8  9 10 11 12 |
---------------+-------------------------------------+-----
Unarmed Combat | 4 5 6 7 9 10 12 13 | 13.9
Shapeshifting  | 4 5 |  5.0
Fighting       | 1 2 3 5 6 7 8 |  8.6
Dodging        | 2 4 5 6 7 9 |  9.7
Shields        | 1 3 6 7 |  7.5
Throwing       | 3 |  3.6

Action                     |  1- 3 |  4- 6 |  7- 9 | 10-12 | 13-15 || total
---------------------------+-------+-------+-------+-------+-------++-------
  Melee: Unarmed           |    66 |   125 |   274 |   566 |    79 ||  1110
         Punch             |     1 |     1 |    11 |       |       ||    13
  Throw: Large rock        |       |       |       |     8 |       ||     8
 Invoke: Berserk           |       |       |       |     2 |     2 ||     4
         Trog's Hand       |       |       |       |     3 |       ||     3
         Brothers in Arms  |       |       |       |     4 |     1 ||     5
  Evoke: Wand              |       |       |     9 |       |       ||     9
         Sack of spiders   |       |       |       |     1 |       ||     1
    Use: Scroll            |     1 |     7 |     9 |    10 |       ||    27
         Potion            |       |     1 |     2 |     8 |       ||    11
   Stab: Sleeping          |       |     1 |       |       |       ||     1
         Distracted        |       |       |       |     1 |       ||     1
 Armour: Animal skin       |    35 |    94 |   169 |       |       ||   298
         Steam dragon scal |       |       |    18 |   346 |    78 ||   442
  Dodge: Dodged            |    28 |    70 |    99 |   158 |    21 ||   376
  Block: Kite shield       |       |       |    29 |   316 |    47 ||   392
         Other             |       |       |     5 |       |       ||     5
         Reflection        |       |       |     1 |     8 |     2 ||    11
   Form: Beast             |     1 |       |       |       |       ||     1

Table legend: (Time is in decaauts)
 A = Elapsed time spent in this place.
 B = Non-inter-level travel time spent in this place.
 C = Inter-level travel time spent in this place.
 D = Time resting spent in this place.
 E = Time spent auto-exploring this place.
 F = Levels seen in this place.
 G = Mean time per level.
                   A        B        C        D        E       F      G
               +--------+--------+--------+--------+--------+-----+--------+
         Total |  11113 |  10417 |    696 |    426 |   7221 |  17 |  653.7 |
       Dungeon |  10377 |   9725 |    652 |    416 |   7054 |  12 |  864.8 |
        Temple |     30 |      1 |     29 |      0 |      0 |   1 |   30.0 |
  Orcish Mines |    213 |    199 |     14 |      3 |    104 |   2 |  106.5 |
       Ossuary |    186 |    186 |      0 |      0 |     63 |   1 |  186.0 |
      Gauntlet |    306 |    306 |      0 |      7 |      0 |   1 |  306.0 |
               +--------+--------+--------+--------+--------+-----+--------+

Top non-repeatable levels by time:
    D:11: 1393 daAuts
     D:5: 1029 daAuts
    D:10: 993 daAuts
     D:1: 928 daAuts
     D:6: 905 daAuts
    D:12: 886 daAuts
     D:8: 828 daAuts
     D:7: 786 daAuts
     D:3: 781 daAuts
     D:4: 768 daAuts
     D:9: 571 daAuts
     D:2: 504 daAuts
Gauntlet: 306 daAuts
 Ossuary: 186 daAuts
   Orc:1: 160 daAuts
